 Dungeon Crawl Stone Soup version 0.26-a0-846-gcc8f1ee719 (webtiles) character file.

Game seed: 576213077804084910

14 robertstho the Chiller (level 2, -1/24 HPs)
             Began as a Naga Ice Elementalist on Nov 19, 2020.
             Slain by a gnoll
             ... wielding a +0 halberd
              (7 damage)
             ... on level 1 of the Dungeon.
             The game lasted 00:00:48 (730 turns).

robertstho the Chiller (Naga Ice Elementalist)       Turns: 730, Time: 00:00:48

Health: -1/24      AC:  1    Str: 10    XL:     2   Next: 41%
Magic:  5/5        EV: 10    Int: 15    God:
Gold:   37         SH:  0    Dex: 11    Spells: 4/5 levels left

rFire    . . .     SeeInvis +   c - +0 short sword
rCold    . . .     Faith    .   (no shield)
rNeg     . . .     Spirit   .   a - +0 robe
rPois    +         Reflect  .   (no helmet)
rElec    .         Harm     .   (no cloak)
rCorr    .         Rampage  .   (no gloves)
MR       .....                  (no barding)
Stlth    ++........             (no amulet)
HPRegen  0.08/turn              (no ring)
MPRegen  0.09/turn              (no ring)

@: very slow
A: large, see invisible, deformed body, poison resistance, slowness 2, spit
poison 1, AC +0
a: Spit Poison


You were on level 1 of the Dungeon.
You visited 1 branch of the dungeon, and saw 1 of its levels.

You collected 37 gold pieces.

Inventory:

Hand Weapons
 c - a +0 short sword (weapon)
Armour
 a - a +0 robe (worn)
Scrolls
 d - a scroll of immolation {unknown}
Potions
 b - 2 potions of ambrosia {unknown}


   Skills:
 + Level 0.3 Fighting
 + Level 1.6 Dodging
 + Level 3.0 Stealth
 * Level 2.0 Spellcasting
 * Level 4.5 Ice Magic


You had 4 spell levels left.
You knew the following spells:

 Your Spells              Type           Power        Failure   Level
a - Freeze                Ice            ###.         3%          1

Your spell library contained the following spells:

 Spells                   Type           Power        Failure   Level
 Frozen Ramparts          Ice            ###...       11%         3
 Ozocubu's Armour         Ice            ###.....     11%         3
 Hailstorm                Conj/Ice       #.......     65%         4
 Summon Ice Beast         Ice/Summ       #.......     65%         4


Dungeon Overview and Level Annotations

Branches:
Dungeon (1/15)

Altars:


Innate Abilities, Weirdness & Mutations

You cannot wear boots.
Your serpentine skin is tough. (AC +0)
You have supernaturally acute eyesight. (SInv)
Armour fits poorly on your strangely shaped body.
Your system is resistant to poisons. (rPois)
You cover ground very slowly.
You can spit poison.


Message History

The hobgoblin is almost dead.
The hobgoblin barely misses you.
The kobold throws a stone.
The stone hits you.
The gnoll hits you from afar with a +0 halberd.
You hit the hobgoblin.
You kill the hobgoblin!
The gnoll hits you from afar with a +0 halberd!
Ouch! That really hurt!
* * * LOW HITPOINT WARNING * * *
You are too injured to fight recklessly!
You are too injured to fight recklessly!
You are too injured to fight recklessly!
You are too injured to fight recklessly!
You are too injured to fight recklessly!
You are too injured to fight recklessly!
You are too injured to fight recklessly!
You are too injured to fight recklessly!
The kobold misses you. The kobold barely misses you.
The gnoll hits you from afar with a +0 halberd!
You die...

..#.#.#...#.#...#..#.†.
....#...#.<.#...#.....
...#.#.#.......#....#...
...#....#.....#.#...#...
.# #.....#...#...#..#...
#.....##.#.#.....#...
#....#..#...#....#...
#...#....#...#...#...
#..#@K....#...#..#.#.
#.#............# #...
##....g......... #...
#######g###### #...
#.......# .....
..................
..?.................
....................
....................


You could see a gnoll, a hobgoblin and a kobold.

Vanquished Creatures
  4 giant cockroaches (D:1)
  2 goblins (D:1)
  A hobgoblin (D:1)
  2 bats (D:1)
  2 kobolds (D:1)
  2 rats (D:1)
13 creatures vanquished.

Notes
Turn   | Place    | Note
-------+----------+-------------------------------------------
     0 | D:1      | robertstho the Naga Ice Elementalist began the quest for
                  | the Orb.
     0 | D:1      | Reached XP level 1. HP: 15/15 MP: 3/3
   496 | D:1      | Reached XP level 2. HP: 22/22 MP: 5/5
   730 | D:1      | Slain by a gnoll

Illustrated notes

Levels and vault maps discovered:
D:1:      matt_arrival_diagonals, layout_basic, minmay_misc_feat_x

Action                   || total
-------------------------++-------
Melee: Short sword       ||    17
       Unarmed           ||     6
 Cast: Freeze            ||    11
 Stab: Sleeping          ||     1
Armor: Robe              ||     6
Dodge: Dodged            ||    19

Table legend: (Time is in decaauts)
 A = Elapsed time spent in this place.
 B = Non-inter-level travel time spent in this place.
 C = Inter-level travel time spent in this place.
 D = Time resting spent in this place.
 E = Time spent auto-exploring this place.
 F = Levels seen in this place.
 G = Mean time per level.
                   A        B        C        D        E       F      G
               +--------+--------+--------+--------+--------+-----+--------+
         Total |    818 |    818 |      0 |      0 |    697 |   1 |  818.0 |
       Dungeon |    818 |    818 |      0 |      0 |    697 |   1 |  818.0 |
               +--------+--------+--------+--------+--------+-----+--------+

Top non-repeatable levels by time:
     D:1: 818 daAuts
